 Dungeon Crawl Stone Soup version 0.30-b1-2-g02819fbbbe (webtiles) character file.

Game seed: 6087653008298334146

3571 raph the Grappler (level 9, 0/126 (132) HPs)
             Began as a Troll Warper on June 12, 2023.
             Was a Believer of Cheibriados.
             Slain by an orange demon (5 damage)
             ... led by Amaemon
             ... on level 9 of the Dungeon.
             The game lasted 00:11:41 (7524 turns).

raph the Grappler (Troll Warper)                    Turns: 7524, Time: 00:11:42

HP:   0/126 (132)   AC:  6    Str: 25    XL:     9   Next: 84%
MP:   11/11         EV: 10    Int: 19    God:    Cheibriados [**....]
Gold: 607           SH:  5    Dex: 17    Spells: 5/13 levels left

rFire   + .          .
                       - Unarmed
rCold   . . .        (no shield)
rNeg    . . .        G - +2 robe {rF+}
rPois   .            (helmet restricted)
rElec   .            (no cloak)
rCorr   +            (gloves unavailable)
SInv    .            (boots unavailable)
Will    .....        I - amulet of reflection Stlth
                     f - ring of resist corrosion
HPRegen 1.21/turn    x - +6 ring of intelligence
MPRegen 0.12/turn

%: reflection
@: berserking (expiring), lethally poisoned (0 -> -25), slowed, lightly drained,
very slow
A: large, unfitting armour, claws 3, regeneration 1, shaggy fur 1, tough skin 1
a: Renounce Religion, Bend Time


You were on level 9 of the Dungeon.
You worshipped Cheibriados.
Cheibriados was pleased with you.
You visited 2 branches of the dungeon, and saw 10 of its levels.

You collected 607 gold pieces.

Inventory:

Hand Weapons
 w - a +0 heavy flail
 E - a +0 giant spiked club
Missiles
 c - 7 boomerangs of dispersal
 k - a large rock (quivered)
 l - 3 curare-tipped darts
 B - a throwing net
 D - 2 boomerangs
 H - 10 poisoned darts
Armour
 o - a +2 robe of willpower
 G - a +2 robe of fire resistance (worn)
Jewellery
 f - a ring of resist corrosion (left claw)
 j - an amulet of magic regeneration
 s - an amulet of guardian spirit
 x - a +6 ring of intelligence (right claw)
 F - a +6 ring of dexterity
 I - an amulet of reflection (around neck)
Wands
 m - a wand of paralysis (31)
 y - a wand of polymorph (3)
 z - a wand of iceblast (6)
 C - a wand of flame (28)
Scrolls
 d - 2 scrolls of teleportation
 i - 3 scrolls of poison
 p - 2 scrolls of fear
 t - 3 scrolls of fog
 v - a scroll of immolation
 A - a scroll of identify
 J - a scroll of amnesia
Potions
 a - a potion of lignification
 b - 3 potions of haste
 e - 2 potions of flight
 g - 2 potions of curing
 h - 3 potions of heal wounds
 n - 2 potions of attraction
 q - 2 potions of brilliance
 r - 2 potions of magic
 K - a potion of resistance


   Skills:
 + Level 5.0 Fighting
 + Level 4.5 Throwing
 - Level 1.9 Dodging
 * Level 8.2 Unarmed Combat
 - Level 2.5 Spellcasting
 * Level 6.6 Translocations


You had 5 spell levels left.
You knew the following spells:

 Your Spells              Type           Power      Damage    Failure   Level
a - Blink                 Tloc           54%        N/A       1%          2
b - Teleport Other        Tloc           27%        N/A       3%          3
c - Vhi's Electric Charg  Tloc/Air       30%        N/A       12%         3

Your spell library contained the following spells:

 Spells                   Type           Power      Damage    Failure   Level
 Lesser Beckoning         Tloc           54%        N/A       1%          2
 Manifold Assault         Tloc           27%        N/A       11%         4
 Ensorcelled Hibernation  Hex/Ice        4%         N/A       24%         2
 Spider Form              Tmut/Pois      2%         N/A       43%         3
 Summon Forest            Summ/Tloc      7%         N/A       75%         5
 Anguish                  Hex/Necr       1%         N/A       85%         4
 Cause Fear               Hex            1%         N/A       85%         4
 Summon Mana Viper        Hex/Summ       2%         N/A       99%         5
 Summon Cactus Giant      Summ           1%         N/A       100%        6
 Dragon Form              Tmut           1%         N/A       100%        7
 Dragon's Call            Summ           1%         N/A       100%        9


Dungeon Overview and Level Annotations

Branches:
Dungeon (9/15)             Temple (1/1) D:5
   Lair: D:8-11         Orc: D:9-12

Altars:
Ashenzari
Cheibriados
Dithmenos
Elyvilon
Gozag
Hepliaklqana
Makhleb
Nemelex Xobeh
Okawaru
Qazlal
Sif Muna
Trog
Vehumet
Wu Jian
Xom
Yredelemnul
Zin
The Shining One


Innate Abilities, Weirdness & Mutations

You are too large for most types of armour.
You have claws for hands.
Your natural rate of healing is unusually fast.
You are covered in fur. (AC +1)
You have tough skin. (AC +1)


Message History

The scorpion stings you.
You are more poisoned.
You have difficulty breathing.
You feel as though you will be slow longer.
Amaemon hits you with a -1 demon whip of venom!
You are more poisoned.
Amaemon closely misses you.
Amaemon tail-slaps you but does no damage.
The orange demon stings you from afar!
You closely miss Amaemon.
Amaemon is almost dead.
You feel extremely sick.
The scorpion stings you but does no damage.
The orange demon stings you from afar!
* * * LOW HITPOINT WARNING * * *
Amaemon points at the orange demon and mumbles some strange words.
The orange demon seems to grow toxic.
You claw Amaemon!
Amaemon is almost dead.
* * * LOW HITPOINT WARNING * * *
You feel extremely sick. The scorpion stings you.
* * * LOW HITPOINT WARNING * * *
Amaemon hits you but does no damage. Amaemon claws you.
* * * LOW HITPOINT WARNING * * *
Amaemon tail-slaps you.
* * * LOW HITPOINT WARNING * * *
You are more poisoned.
Amaemon poisons you! The orange demon stings you from afar.
* * * LOW HITPOINT WARNING * * *
The scorpion stings you.
* * * LOW HITPOINT WARNING * * *
You mangle Amaemon!!
You kill Amaemon!
Cheibriados appreciates the change of pace.
The scorpion disappears in a puff of smoke!
* * * LOW HITPOINT WARNING * * *
You feel extremely sick. The orange demon closely misses you.
The orange demon stings you from afar.
You die...

######..............
#..............
#..............
#..........>...
#..............
#....(...).....
#>.............
##########..............
...((4)@................
(.....§.................
........................
###########.............
#.............
#÷............
##########.............
.......................
.......................


You could see an orange demon (curare).

Vanquished Creatures
  Amaemon (D:9)
  A wyvern (D:9)
  5 yaks
  An acid dragon (D:9)
  5 water moccasins
  A black bear (D:7)
  2 ogres
  An ice beast (D:8)
  A phantom (D:5)
  3 centaurs
  A kobold brigand (D:8)
  2 bullfrogs
  2 scorpions
  3 wights (D:8)
  5 killer bees (D:8)
  2 jellies
  2 orc priests
  A gnoll bouda (D:5)
  2 hounds
  A sleepcap (D:8)
  4 orc wizards
  5 iguanas
  Terence (D:2)
  6 adders
  8 gnolls
  A shadow imp (D:7)
  2 white imps
  An ufetubus (D:6)
  3 worms (D:2)
  2 dart slugs
  14 orcs
  12 ball pythons
  9 bats
  7 endoplasms
  5 giant cockroaches
  8 goblins
  12 hobgoblins
  3 jackals (D:3)
  17 kobolds
  5 quokkas
  2 frilled lizards
  5 rats (D:1)
174 creatures vanquished.

Vanquished Creatures (others)
  29 plants (D:2)
29 creatures vanquished.

Grand Total: 203 creatures vanquished

Notes
Turn   | Place    | Note
-------+----------+-------------------------------------------
     0 | D:1      | raph the Troll Warper began the quest for the Orb.
     0 | D:1      | Reached XP level 1. HP: 19/19 MP: 1/1
   153 | D:1      | Found a faded altar of an unknown god.
   181 | D:1      | Reached XP level 2. HP: 28/28 MP: 2/2
   418 | D:1      | Learned a level 2 spell: Blink
   575 | D:1      | Reached XP level 3. HP: 34/34 MP: 4/4
  1021 | D:2      | Noticed Terence
  1423 | D:2      | Reached XP level 4. HP: 42/42 MP: 5/5
  1513 | D:2      | Reached skill level 3 in Unarmed Combat
  1596 | D:2      | Killed Terence
  2051 | D:3      | Found a stormy altar of Qazlal.
  2129 | D:3      | Found a white marble altar of Elyvilon.
  2282 | D:3      | Reached XP level 5. HP: 49/49 MP: 6/6
  2687 | D:4      | Noticed a water moccasin
  2696 | D:4      | Killed a water moccasin
  2697 | D:4      | Reached XP level 6. HP: 18/59 MP: 7/7
  2980 | D:4      | Reached skill level 4 in Unarmed Combat
  3017 | D:4      | Learned a level 3 spell: Teleport Other
  3021 | D:4      | Learned a level 3 spell: Vhi's Electric Charge
  3106 | D:4      | Reached skill level 1 in Throwing
  3352 | D:4      | Reached XP level 7. HP: 18/66 MP: 2/9
  3703 | D:5      | Entered Level 5 of the Dungeon
  3890 | D:5      | Reached skill level 5 in Unarmed Combat
  4230 | D:5      | Found a staircase to the Ecumenical Temple.
  4239 | Temple   | Entered the Ecumenical Temple
  4248 | Temple   | Became a worshipper of Cheibriados the Contemplative
  4511 | D:6      | Reached XP level 8. HP: 66/75 MP: 7/10
  4844 | D:6      | Found a glowing golden altar of the Shining One.
  4967 | D:6      | Found a radiant altar of Vehumet.
  5633 | D:7      | Found a broken altar of Ashenzari.
  5755 | D:7      | Reached skill level 5 in Translocations
  5761 | D:7      | Noticed a gargoyle
  5767 | D:7      | Reached skill level 6 in Unarmed Combat
  6183 | D:7      | Reached * piety under Cheibriados
  6449 | D:8      | Reached XP level 9. HP: 55/84 MP: 6/11
  6466 | D:7      | Reached skill level 7 in Unarmed Combat
  6623 | D:8      | Found an iron altar of Okawaru.
  7255 | D:9      | Reached ** piety under Cheibriados
  7256 | D:9      | Reached skill level 8 in Unarmed Combat
  7377 | D:9      | Reached skill level 5 in Fighting
  7512 | D:9      | Noticed Amaemon
  7513 | D:9      | Noticed an orange demon
  7524 | D:9      | Killed Amaemon
  7524 | D:9      | HP: 5/126 [poisoned by Amaemon]
  7524 | D:9      | Slain by an orange demon

Illustrated notes

Levels and vault maps discovered:
D:1:      sevenhm_arrival_forest_fort_large_2, layout_basic,
          basic_ecumenical_altar, nrook_loot_triangle, st_stairs_2
D:2:      wad_woods_pond, layout_basic, nrook_mini_vaults, uniq_terence
D:3:      layout_rooms, mainiacjoe_overflow_tiny_flanked, lemuel_round_altar
D:4:      layout_loops_ring, serial_park_tiny_1, minmay_joined_circles
D:5:      layout_rooms, lemuel_temple_firewalk_b
D:6:      layout_basic, kennysheep_mini_moat, tso_metal_star,
          minmay_misc_feat_chi
D:7:      layout_loops_cross, marbit_many_paths, kennysheep_decorative_pillar,
          grunt_potential
D:8:      layout_basic, okawaru_gym_becter
D:9:      layout_long_grid, fedhas_ov_isle_minmay, uniq_amaemon
Temple:   nicolae_temple_ecumenical_triangle

Skill      XL: |  1  2  3  4  5  6  7  8  9 |
---------------+----------------------------+-----
Fighting       | 2 3 4 5 |  5.0
Unarmed Combat | 3 4 5 6 8 |  8.2
Translocations | 3 4 5 6 |  6.6
Throwing       | 1 2 3 4 |  4.5
Spellcasting   | 2 |  2.5
Dodging        | |  1.9

Action                     |  1- 3 |  4- 6 |  7- 9 || total
---------------------------+-------+-------+-------++-------
  Melee: Unarmed           |    99 |   162 |   282 ||   543
         Punch             |     3 |     1 |     6 ||    10
  Throw: Large rock        |       |     4 |    12 ||    16
   Cast: Vhi's Electric Ch |       |       |     2 ||     2
    Use: Scroll            |     6 |     3 |    13 ||    22
         Potion            |       |       |     1 ||     1
   Stab: Sleeping          |     1 |     1 |       ||     2
         Distracted        |       |       |     1 ||     1
 Armour: Robe              |    34 |    31 |    94 ||   159
  Dodge: Dodged            |    38 |    74 |   151 ||   263
  Block: Other             |       |       |     4 ||     4
